 Dungeon Crawl Stone Soup version 0.26.1-11-gd32895ea62 (webtiles) character file.

Game seed: 2729586002530939979

115 ubername the Grave Robber (level 4, 0/30 HPs)
             Began as a Demonspawn Necromancer on Apr 24, 2021.
             Slain by an orc
             ... wielding a +0 dagger
              (1 damage)
             ... on level 3 of the Dungeon.
             The game lasted 00:07:02 (3579 turns).

ubername the Grave Robber (Demonspawn Necromancer)  Turns: 3579, Time: 00:07:03

Health: 0/30       AC:  4    Str:  8    XL:     4   Next: 68%
Magic:  7/9        EV: 12    Int: 17    God:
Gold:   184        SH:  0    Dex: 14    Spells: 9/10 levels left

rFire    . . .     SeeInvis .   b - +0 whip
rCold    . . .     Faith    .   (no shield)
rNeg     . . .     Spirit   .   a - +0 robe
rPois    .         Reflect  .   (no helmet)
rElec    .         Harm     .   (no cloak)
rCorr    .         Rampage  .   (no gloves)
Will     .....                  (no boots)
Stlth    +++.......             (no amulet)
HPRegen  0.10/turn              u - ring of stealth
MPRegen  0.11/turn              (no ring)

@: about to teleport
A: claws 1, icy blue scales 1
a: no special abilities


You were on level 3 of the Dungeon.
You visited 1 branch of the dungeon, and saw 3 of its levels.

You collected 184 gold pieces.

Inventory:

Hand Weapons
 b - a +0 whip (weapon)
 c - a +0 short sword
Missiles
 d - 83 stones
 v - 11 poisoned darts (quivered)
Armour
 a - a +0 robe (worn)
 g - a +0 leather armour
 p - a +2 chain mail of cold resistance
Jewellery
 u - a ring of stealth (left claw)
Wands
 h - a wand of acid (4)
Scrolls
 f - a scroll of noise
 k - 2 scrolls of teleportation
 l - a scroll of remove curse
 o - 3 scrolls of identify
Potions
 e - a potion of curing
 n - a potion of brilliance


   Skills:
 + Level 0.1 Throwing
 + Level 1.9 Dodging
 + Level 1.8 Stealth
 + Level 3.5 Spellcasting
 + Level 5.5 Necromancy


You had 9 spell levels left.
You knew the following spells:

 Your Spells              Type           Power        Failure   Level
a - Pain                  Necr           84%          1%          1

Your spell library contained the following spells:

 Spells                   Type           Power        Failure   Level
 Animate Skeleton         Necr           42%          1%          1
 Vampiric Draining        Necr           10%          5%          3
 Animate Dead             Necr           10%          17%         4
 Agony                    Necr           21%          43%         5


Dungeon Overview and Level Annotations

Branches:
Dungeon (3/15)

Altars:


Innate Abilities, Weirdness & Mutations

You have sharp fingernails.
You are partially covered in icy blue scales. (AC +2)


Message History

Press: ? - help, Shift-Dir - straight line, f/p - orc priest
Aim: an orc priest, wielding a +0 hand axe and wearing a cursed -2 ring mail (chance to affect: 80%)
The orc priest barely resists.
The orc priest mumbles some strange prayers to Beogh against you.
Pain shoots through your body!
As you read the scroll of teleportation, it crumbles to dust.
You feel strangely unstable. The orc misses you.
The orc priest barely misses you.
Casting: Pain (safe; 1% risk of failure)
Confirm with . or Enter, or press ? or * to list all spells.
Aiming: Pain (safe; 1% risk of failure)
Press: ? - help, Shift-Dir - straight line, f/p - orc priest
Aim: an orc priest, wielding a +0 hand axe and wearing a cursed -2 ring mail (chance to affect: 80%)
The orc priest writhes in agony.
The orc hits you with a +0 dagger.
You hit the orc.
The orc is moderately wounded.
The orc priest hits you with a +0 hand axe!
* * * LOW HITPOINT WARNING * * *
The orc hits you with a +0 dagger.
You die...

#.# #.# ...
#.# #.#
##.#######
#...)(o((#
#.o####
#..@o.#
##(###.# #
####...##.##.#
+............#
###......####
##.#.### ###.#
#.# #+# #.#


You could see an orc priest and an orc.

Vanquished Creatures
  Natasha (D:3)
  An adder (D:2)
  An ooze (D:1)
  4 worms (D:2)
  5 dart slugs
  2 leopard geckos (D:1)
  An orc (D:3)
  3 bats
  2 giant cockroaches (D:2)
  6 goblins
  5 hobgoblins
  3 jackals (D:1)
  5 kobolds
  A ball python (D:2)
  4 frilled lizards
  9 rats
53 creatures vanquished.

Notes
Turn   | Place    | Note
-------+----------+-------------------------------------------
     0 | D:1      | ubername the Demonspawn Necromancer began the quest for the
                  | Orb.
     0 | D:1      | Reached XP level 1. HP: 13/13 MP: 3/3
   376 | D:1      | Gained mutation: You have sharp fingernails. [demonic
                  | ancestry]
   376 | D:1      | Reached XP level 2. HP: 17/19 MP: 1/5
  1000 | D:1      | Gained mutation: You are partially covered in icy blue
                  | scales. (AC +2) [demonic ancestry]
  1000 | D:1      | Reached XP level 3. HP: 22/24 MP: 4/7
  1164 | D:1      | Reached skill level 5 in Necromancy
  2546 | D:2      | Reached XP level 4. HP: 13/30 MP: 4/8
  3387 | D:3      | Noticed Natasha
  3392 | D:3      | Killed Natasha
  3579 | D:3      | HP: 1/30 [orc priest/+0 hand axe (10)]
  3579 | D:3      | Slain by an orc

Illustrated notes

Levels and vault maps discovered:
D:1:      dpeg_arrival_renting, layout_basic, corexii_leaking_fountain
D:2:      layout_loops_corners, minivault_5, minmay_misc_feat_columns
D:3:      kennysheep_big_flooded_room, layout_loops_corners,
          portal_sewer_entry_d, uniq_natasha

Skill      XL: |  1  2  3 |
---------------+----------+-----
Necromancy     | 5 |  5.5
Spellcasting   | 3 |  3.5
Throwing       | |  0.1
Dodging        | |  1.9
Stealth        | |  1.8

Action                   |  1- 3 |  4- 6 || total
-------------------------+-------+-------++-------
Melee: Unarmed           |     7 |       ||     7
       Whip              |    23 |     2 ||    25
Throw: Dart              |       |     4 ||     4
 Cast: Pain              |    87 |    30 ||   117
  Use: Scroll            |     3 |     6 ||     9
       Potion            |       |     6 ||     6
Armor: Robe              |     3 |       ||     3
Dodge: Dodged            |    32 |     3 ||    35
